 Dungeon Crawl Stone Soup version 0.27-a0-1140-g099f9bb0e8 (webtiles) character file.

Game seed: 14959643892654541398

230 freelancePsychic the Sneak (level 6, -12/39 HPs)
             Began as a Kobold Delver on May 10, 2021.
             Mangled by a mummy (16 damage)
             ... in an ossuary.
             The game lasted 00:03:19 (502 turns).

freelancePsychic the Sneak (Kobold Delver)           Turns: 502, Time: 00:03:20

Health: -12/39     AC:  3    Str:  9    XL:     6   Next: 24%
Magic:  6/6        EV: 15    Int: 13    God:
Gold:   12         SH:  0    Dex: 17    Spells: 5/5 levels left

rFire    . . .     SeeInvis .   a - +0 short sword
rCold    . . .     Faith    .   (shield restricted)
rNeg     . . .     Spirit   .   b - +0 leather armour
rPois    .         Reflect  .   (no helmet)
rElec    .         Harm     .   (no cloak)
rCorr    .         Rampage  .   (no gloves)
Will     .....                  (no boots)
Stlth    +++++.....             (no amulet)
HPRegen  0.13/turn              (no ring)
MPRegen  0.10/turn              (no ring)

@: weak-willed
A: small, no large weapons, nightstalker 3
a: no special abilities


You were in an ossuary.
You visited 1 branch of the dungeon, and saw 2 of its levels.
You also visited: Ossuary.

You collected 12 gold pieces.

Inventory:

Hand Weapons
 a - a +0 short sword (weapon)
Armour
 b - a +0 leather armour (worn)
Wands
 g - a wand of digging (3)
Scrolls
 c - a scroll of fog


   Skills:
 + Level 4.5 Fighting
 + Level 4.6 Short Blades
 + Level 4.2 Dodging
 - Level 7.8 Stealth


You had 5 spell levels left.
You didn't know any spells.
Your spell library was empty.

Dungeon Overview and Level Annotations

Branches:
Dungeon (5/15)            Ossuary (1/1)
 Temple: D:4-7

Altars:

Shops:
D:5 !

Annotations:
D:5 Eustachio


Innate Abilities, Weirdness & Mutations

You are small and have problems with some larger weapons.
You are completely attuned to the shadows.


Message History

The kobold zombie is moderately damaged.
You hit the kobold zombie.
The kobold zombie is heavily damaged.
The kobold zombie misses you.
You hit the kobold zombie.
The kobold zombie is severely damaged.
The kobold zombie hits you.
You hit the kobold zombie.
You destroy the kobold zombie!
You hit the mummy.
The mummy is lightly damaged.
You hit the mummy.
The mummy is moderately damaged.
The mummy hits you.
You hit the kobold zombie but do no damage.
The kobold zombie is severely damaged.
The kobold zombie hits you but does no damage.
You hit the kobold zombie.
You destroy the kobold zombie!
The mummy hits you. The mummy closely misses you.
You hit the mummy.
The mummy is moderately damaged.
You hit the mummy but do no damage.
The mummy is moderately damaged.
The mummy hits you! The mummy barely misses you.
You hit the mummy but do no damage.
The mummy is moderately damaged.
The mummy closely misses you.
Okay, then.
As you read the scroll labelled APNOTIHAWY, it crumbles to dust.
Magic quickly surges around you.
It was a scroll of vulnerability.
The mummy hits you!
* * * LOW HITPOINT WARNING * * *
You aren't carrying any potions.
As you read the scroll labelled CUIR UCIDU, it crumbles to dust.
You hear a loud clanging noise!
It was a scroll of noise.
There is an empty arch of ancient stone here.
The mummy hits you!
You die...

##....##
#....#
#....#
#....#
#....#
#....#
#....#
#MM..#
#.∩@.#
######


You could see 2 mummies.

Vanquished Creatures
  A water moccasin (D:5)
  A sky beast (D:5)
  A hound (D:5)
  2 orcs (D:5)
  A gnoll zombie (Ossuary)
  2 hobgoblin zombies (Ossuary)
  3 kobold zombies (Ossuary)
11 creatures vanquished.

Notes
Turn   | Place    | Note
-------+----------+-------------------------------------------
     0 | D:5      | freelancePsychic the Kobold Delver began the quest for the
                  | Orb.
     0 | D:5      | Reached XP level 1. HP: 14/14 MP: 1/1
    17 | D:5      | Noticed a water moccasin
    21 | D:5      | Killed a water moccasin
    22 | D:5      | Reached skill level 7 in Stealth
    22 | D:5      | Reached XP level 2. HP: 15/20 MP: 2/2
    22 | D:5      | Reached XP level 3. HP: 18/24 MP: 3/3
    22 | D:5      | Reached XP level 4. HP: 22/29 MP: 4/4
    22 | D:5      | Reached XP level 5. HP: 25/33 MP: 5/5
   104 | D:5      | Noticed Eustachio
   122 | D:5      | Noticed a sky beast
   124 | D:5      | Killed a sky beast
   125 | D:5      | Reached XP level 6. HP: 39/39 MP: 6/6
   138 | D:5      | Found Lyilemas's Distillery.
   225 | D:4      | Found a sand-covered staircase.
   388 | Ossuary  | Entered an ossuary
   502 | Ossuary  | Mangled by a mummy

Illustrated notes

Levels and vault maps discovered:
D:4:      layout_cave_pods, enter_ossuary_2, uniq_duvessa,
          uniq_crazy_yiuf_cottage
D:5:      minmay_opposing_rooms, layout_basic,
          nicolae_overflow_quartered_altars, serial_shops, shop,
          columned_hall_lemuel, hangedman_decor_push, uniq_eustachio,
          uniq_edmund
Ossuary:  ossuary_tomb_3

Skill      XL: |  1  2  3  4  5 |
---------------+----------------+-----
Fighting       | 4 |  4.5
Short Blades   | 3 4 |  4.6
Dodging        | 3 4 |  4.2
Stealth        | 7 |  7.8

Action                   |  1- 3 |  4- 6 || total
-------------------------+-------+-------++-------
Melee: Short sword       |     3 |    42 ||    45
  Use: Scroll            |     1 |     3 ||     4
       Potion            |       |     1 ||     1
 Stab: Sleeping          |     1 |     2 ||     3
       Distracted        |       |     1 ||     1
Armor: Leather armour    |       |     3 ||     3
Dodge: Dodged            |     1 |    27 ||    28

Table legend: (Time is in decaauts)
 A = Elapsed time spent in this place.
 B = Non-inter-level travel time spent in this place.
 C = Inter-level travel time spent in this place.
 D = Time resting spent in this place.
 E = Time spent auto-exploring this place.
 F = Levels seen in this place.
 G = Mean time per level.
                   A        B        C        D        E       F      G
               +--------+--------+--------+--------+--------+-----+--------+
         Total |    481 |    481 |      0 |    215 |     56 |   3 |  160.3 |
       Dungeon |    371 |    371 |      0 |    215 |      0 |   2 |  185.5 |
       Ossuary |    110 |    110 |      0 |      0 |     56 |   1 |  110.0 |
               +--------+--------+--------+--------+--------+-----+--------+

Top non-repeatable levels by time:
     D:5: 217 daAuts
     D:4: 153 daAuts
 Ossuary: 110 daAuts
